 Dungeon Crawl Stone Soup version 0.31-a0-1027-gfb7600b534 (webtiles) character file.

Game seed: 4165014414540498136

94 Gynju the Shooter (level 4, -3/35 HPs)
             Began as a Merfolk Hunter on Nov 18, 2023.
             Slain by a cerulean imp
             ... wielding a +2 spear
             ... summoned by Natasha
              (4 damage)
             ... on level 2 of the Dungeon.
             The game lasted 00:02:20 (850 turns).

Gynju the Shooter (Merfolk Hunter)                   Turns: 850, Time: 00:02:20

Health: -3/35      AC:  4    Str: 11    XL:     4   Next: 63%
Magic:  4/4        EV: 13    Int:  8    God:
Gold:   111        SH:  0    Dex: 19    Spells: 3/3 levels left

rFire   . . .        a - +0 shortbow
rCold   . . .        (shield currently unavailable)
rNeg    . . .        c - +0 leather armour
rPois   .            h - +1 hat
rElec   .            (no cloak)
rCorr   .            (no gloves)
SInv    .            (no boots)
Will    .....        (no amulet)
Stlth   ++           e - ring of flight
HPRegen 0.25/turn    (no ring)
MPRegen 0.09/turn

%: no passive effects
@: flying, slowed, very slow
A: (nimble swimmer 2), mertail
a: no special abilities


You were on level 2 of the Dungeon.
You visited 1 branch of the dungeon, and saw 2 of its levels.

You collected 111 gold pieces.

Inventory:

Hand Weapons
 a - a +0 shortbow (weapon)
Armour
 c - a +0 leather armour (worn)
 h - a +1 hat (worn)
Jewellery
 e - a ring of flight (left hand)
Scrolls
 b - a scroll of butterflies
 f - a scroll of revelation {unknown}
Potions
 d - a potion of curing {unknown}
 g - a potion of heal wounds {unknown}


   Skills:
 + Level 3.0 Fighting
 * Level 4.0 Ranged Weapons
 + Level 3.7 Dodging
 + Level 2.3 Stealth


You had 3 spell levels left.
You didn't know any spells.
Your spell library was empty.

Dungeon Overview and Level Annotations

Branches:
Dungeon (2/15)

Altars:

Shops:
D:1 :

Annotations:
D:2 Natasha


Innate Abilities, Weirdness & Mutations

((You are very nimble when in or above water. (Stealth+, EV+, Speed+++)))
Your lower body shifts to a powerful aquatic tail in water.


Message History

The cerulean imp hits you from afar with a +2 spear.
You are too injured to fight recklessly!
You are too injured to fight recklessly!
You are too injured to fight recklessly!
No other quiver actions available for cycling.
No other quiver actions available for cycling.
Fire: a) +0 shortbow
Press: ? - help, Q - select action Shift-Dir - straight line, f/p - Natasha
Aim: Natasha (almost dead, 58% to hit)
You shoot an arrow. The arrow closely misses Natasha.
The arrow barely misses the cerulean imp.
Natasha mumbles some strange words.
Natasha's front paws start to glow.
Natasha misses you.
The cerulean imp hits you but does no damage.
The cerulean imp barely misses you. Natasha completely misses you.
The cerulean imp barely misses you.
The cerulean imp hits you but does no damage.
Fire: a) +0 shortbow
Press: ? - help, Q - select action Shift-Dir - straight line, f/p - Natasha
Aim: Natasha (almost dead, 58% to hit)
You shoot an arrow. The arrow barely misses Natasha.
The arrow hits the cerulean imp but does no damage.
Natasha closely misses you.
The cerulean imp hits you from afar with a +3 spear.
The cerulean imp hits you from afar with a +2 spear.
Natasha casts a spell.
The cerulean imp hits you from afar with a +3 spear!
* * * LOW HITPOINT WARNING * * *
The cerulean imp barely misses you.
Fire: a) +0 shortbow
Press: ? - help, Q - select action Shift-Dir - straight line, f/p - Natasha
Aim: Natasha (almost dead, 58% to hit)
You shoot an arrow. The arrow barely misses Natasha.
The arrow barely misses the cerulean imp.
Natasha claws you.
* * * LOW HITPOINT WARNING * * *
The cerulean imp completely misses you.
The cerulean imp hits you from afar with a +2 spear.
You die...

##...>.## #.........# #.......#
#.......<.# #.......# #.........#
#.......# #.........#
#############.....####.........#
...............................#
.###########.......###.........#
## ###.# #.......# #.........# .#
#...# #....@..# #.........# .#
#.#.### #...5h.## #.........# .#
#.#...# #...55## #####.######
.###.##..###....## ###.###...
...#..#....#....# ####.......##
##.##......#....## #........###
#.##............# #.##.##.†##
#...............####.##.##...###
#####.#...#.......#......###.....


You could see Natasha and 3 cerulean imps.

Vanquished Creatures
  Natasha (D:2)
  A gnoll (D:1)
  An adder (D:2)
  2 worms (D:2)
  3 dart slugs
  4 endoplasms
  3 giant cockroaches
  2 goblins (D:2)
  2 hobgoblins (D:1)
  2 jackals (D:1)
  A quokka (D:1)
  4 ball pythons
  6 bats
  2 frilled lizards (D:1)
  2 kobolds (D:1)
  6 rats
42 creatures vanquished.

Notes
Turn   | Place    | Note
-------+----------+-------------------------------------------
     0 | D:1      | Gynju the Merfolk Hunter began the quest for the Orb.
     0 | D:1      | Reached XP level 1. HP: 16/16 MP: 1/1
    30 | D:1      | Reached XP level 2. HP: 23/23 MP: 2/2
   136 | D:1      | Reached XP level 3. HP: 28/28 MP: 3/3
   275 | D:1      | Found Korisem's Vocational Training.
   608 | D:2      | Reached XP level 4. HP: 34/34 MP: 4/4
   817 | D:2      | Noticed Natasha
   823 | D:2      | Killed Natasha
   824 | D:2      | Reached skill level 4 in Ranged Weapons
   840 | D:2      | Noticed Natasha
   850 | D:2      | HP: 1/35 [Natasha (6)]
   850 | D:2      | Slain by a cerulean imp

Illustrated notes

Levels and vault maps discovered:
D:1:      tarquinn_simple_flora_water_a, layout_basic,
          chequers_serial_rivers_room_b, grunt_decor_junction,
          nicolae_shop_vocational
D:2:      layout_rooms, uniq_natasha

Skill      XL: |  1  2  3  4 |
---------------+-------------+-----
Dodging        | 3 |  3.7
Stealth        | 2 |  2.3
Fighting       | 3 |  3.0
Ranged Weapons | 4 |  4.0

Action                     |  1- 3 |  4- 6 || total
---------------------------+-------+-------++-------
   Fire: Shortbow          |   105 |    30 ||   135
 Armour: Leather armour    |    26 |    13 ||    39
  Dodge: Dodged            |    41 |    16 ||    57

Table legend: (Time is in decaauts)
 A = Elapsed time spent in this place.
 B = Non-inter-level travel time spent in this place.
 C = Inter-level travel time spent in this place.
 D = Time resting spent in this place.
 E = Time spent auto-exploring this place.
 F = Levels seen in this place.
 G = Mean time per level.
                   A        B        C        D        E       F      G
               +--------+--------+--------+--------+--------+-----+--------+
         Total |    888 |    862 |     26 |      0 |    627 |   2 |  444.0 |
       Dungeon |    888 |    862 |     26 |      0 |    627 |   2 |  444.0 |
               +--------+--------+--------+--------+--------+-----+--------+

Top non-repeatable levels by time:
     D:1: 525 daAuts
     D:2: 362 daAuts
